 Dungeon Crawl Stone Soup version 0.31-a0-185-g9dded2c639 (webtiles) character file.

Game seed: 17003554732281861931

1 qw the Shooter (level 1, -4/12 HPs)
             Began as a Deep Elf Hunter on June 22, 2023.
             Slain by a gnoll
             ... wielding a +0 spear
              (7 damage)
             ... on level 1 of the Dungeon.
             The game lasted 00:00:01 (173 turns).

qw the Shooter (Deep Elf Hunter)                     Turns: 173, Time: 00:00:02

Health: -4/12      AC:  3    Str:  8    XL:     1   Next: 16%
Magic:  3/3        EV: 12    Int: 13    God:
Gold:   20         SH:  0    Dex: 18    Spells: 0/0 levels left

rFire   . . .        a - +0 shortbow
rCold   . . .        (shield currently unavailable)
rNeg    . . .        c - +0 leather armour
rPois   .            (no helmet)
rElec   .            (no cloak)
rCorr   .            (no gloves)
SInv    .            (no boots)
Will    .....        (no amulet)
Stlth   ++           (no ring)
HPRegen 0.22/turn    (no ring)
MPRegen 0.08/turn

%: no passive effects
@: no status effects
A: no striking features
a: no special abilities


You were on level 1 of the Dungeon.
You visited 1 branch of the dungeon, and saw 1 of its levels.

You collected 20 gold pieces.


   Skills:
 - Level 1.5 Fighting
 + Level 5.4 Ranged Weapons
 - Level 2.4 Dodging
 - Level 1.2 Stealth


You couldn't memorise any spells.
You didn't know any spells.
Your spell library was empty.

Inventory:

Hand Weapons
 a - a +0 shortbow (weapon)
Armour
 c - a +0 leather armour (worn)
Scrolls
 b - a scroll of butterflies
 e - a scroll of enchant armour {unknown}
Potions
 d - a potion of attraction {unknown}

Dungeon Overview and Level Annotations

Branches:
Dungeon (1/15)

Altars:


Message History

Enter note: You now have 20 gold pieces (gained 11).
Found an escape hatch in the floor.
You see here 3 stones.
d - a red potion
e - a scroll labelled RIEJEI AHAVE
Enter note: A rat comes into view.
Enter note: You shoot an arrow.
The arrow hits the rat!
You kill the rat!
A rat comes into view.
Enter note: You shoot an arrow.
The arrow hits the rat but does no damage.
You shoot an arrow. The arrow hits the rat!
You kill the rat!
You see here a rat corpse.
A gnoll comes into view. It is wielding a +0 spear.
Enter note: You shoot an arrow.
The arrow hits the gnoll.
The gnoll shouts!
The gnoll is moderately wounded.
A bat comes into view.
The gnoll barely misses you.
The bat moves out of view.
You shoot an arrow. The arrow hits the gnoll.
The gnoll is moderately wounded.
A bat comes into view.
The gnoll hits you from afar with a +0 spear.
You shoot an arrow.
The arrow hits the bat but does no damage.
The bat hits you.
The gnoll hits you from afar with a +0 spear.
The gnoll closely misses you.
You shoot an arrow. The arrow hits the gnoll.
The gnoll is heavily wounded.
The bat hits you but does no damage.
The gnoll hits you from afar with a +0 spear!
Ouch! That really hurt!
You die...

# .# .#
..# ###b.#
#@...#
#.#g## #%#
.. #.# ##
#.# #.#
########.#
#........#
#.########


You could see a gnoll and a bat.

Vanquished Creatures
  2 rats (D:1)
2 creatures vanquished.

Notes
Turn   | Place    | Note
-------+----------+-------------------------------------------
     0 | D:1      | qw the Deep Elf Hunter began the quest for the Orb.
     0 | D:1      | Reached XP level 1. HP: 12/12 MP: 3/3
     0 | D:1      | 0 ||| qw: Version: 0.3-a-9-g12657ce
     0 | D:1      | 0 ||| qw: Game counter: 1823
     0 | D:1      | 0 ||| qw: Always use a shield: true
     0 | D:1      | 0 ||| qw: God list: Okawaru
     0 | D:1      | 0 ||| qw: Allow faded altars: false
     0 | D:1      | 0 ||| qw: Do Orc after D:15 true
     0 | D:1      | 0 ||| qw: Do second Lair branch before Depths: true
     0 | D:1      | 0 ||| qw: Lair rune preference: random
     0 | D:1      | 0 ||| qw: Plans: Normal
     0 | D:1      | 0 ||| PLANNING D:1-11
   172 | D:1      | HP: 3/12 [gnoll/+0 spear (5)]
   173 | D:1      | Slain by a gnoll

Levels and vault maps discovered:
D:1:      dpeg_arrival_snail, layout_basic

Action                     || total
---------------------------++-------
   Fire: Shortbow          ||     7
 Armour: Leather armour    ||     1
  Dodge: Dodged            ||     2

Table legend:
 A = Non-vault XP
 B = Vault XP
 C = Vault XP percentage of total XP
 D = Non-vault monster count
 E = Vault monster count
 F = Vault count percentage of total count
                 A         B        C        D         E       F
            +---------+---------+-------+---------+---------+-------
      Total |       2 |       0 |   0.0 |       2 |       0 |   0.0
            +---------+---------+-------+---------+---------+-------
        D:1 |       2 |       0 |   0.0 |       2 |       0 |   0.0
            +---------+---------+-------+---------+---------+-------
